 Dungeon Crawl Stone Soup version 0.26-a0-1205-g4083c211ab (webtiles) character file.

Game seed: 3484929109148085570

28955 snetch the Impaler (level 13, 0/119 HPs)
             Began as a Minotaur Berserker on Dec 29, 2020.
             Was the Champion of Trog.
             Slain by a seven-headed hydra (10 damage)
             ... on level 13 of the Dungeon.
             The game lasted 01:05:04 (14249 turns).

snetch the Impaler (Minotaur Berserker)            Turns: 14249, Time: 01:05:07

Health: 0/119      AC: 17    Str: 22    XL:     13   Next: 12%
Magic:  12/12      EV: 12    Int:  4    God:    Trog [******]
Gold:   714        SH:  0    Dex: 11    Spells: 12/12 levels left

rFire    + . .     SeeInvis .   c - +4 halberd (elec)
rCold    + . .     Faith    +   (shield currently unavailable)
rNeg     . . .     Spirit   .   Y - +2 chain mail {rPois}
rPois    +         Reflect  .   (helmet restricted)
rElec    .         Harm     .   C - scarf {shadows}
rCorr    +         Rampage  .   K - +0 pair of gloves
Will     +....                  V - +0 pair of boots
Stlth    ..........             D - amulet of faith
HPRegen  0.29/turn              J - ring "Ypakah" {rC+ Will+ Str-4 Slay+5}
MPRegen  0.13/turn              Z - ring "Kamubecs" {rPois rF+ rCorr}

@: no status effects
A: retaliatory headbutt, horns 2
a: Renounce Religion, Berserk, Trog's Hand, Brothers in Arms


You were on level 13 of the Dungeon.
You worshipped Trog.
Trog was exalted by your worship.
You visited 2 branches of the dungeon, and saw 14 of its levels.
You also visited: Bailey.

You collected 891 gold pieces.
You spent 177 gold pieces at shops.

Inventory:

Hand Weapons
 a - the +11 glaive "Wuwutil" {vorpal, *Drain rN+++ Dex+6}
   (Trog gifted it to you in a bailey)

   It inflicts extra damage upon your enemies.
   It affects your dexterity (+6).
   It renders you almost immune to negative energy.
   It causes draining when unequipped.
 b - a +3 battleaxe of freezing
 c - a +4 halberd of electrocution (weapon)
 d - a +5 flail of protection
 e - a +3 bardiche
Missiles
 m - 5 silver javelins
 n - 421 stones
 u - 5 curare-tipped darts
 z - 88 boomerangs
 W - 39 poisoned darts
 X - 3 throwing nets
Armour
 C - a scarf of shadows (worn)
 K - a +0 pair of gloves (worn)
 V - a +0 pair of boots (worn)
 Y - a +2 chain mail of poison resistance (worn)
Jewellery
 y - an uncursed ring of flight
 D - an amulet of faith (around neck)
 J - the ring "Ypakah" (left hand) {rC+ Will+ Str-4 Slay+5}
   (You acquired it on level 8 of the Dungeon)

   [ring of willpower]

   It affects your strength (-4).
   It affects your accuracy and damage with ranged weapons and melee attacks
   (+5).
   It protects you from cold.
   It affects your willpower, your defense against some magical effects.
 L - the ring "Ejicyipi" {rElec rN+ Stlth-}
   (You found it on level 4 of the Dungeon)

   [ring of attention]

   It insulates you from electricity.
   It protects you from negative energy.
   It makes you less stealthy.
 P - a cursed amulet of inaccuracy {unknown}
 R - an uncursed ring of protection from fire
 U - a +4 ring of protection
 Z - the ring "Kamubecs" (right hand) {rPois rF+ rCorr}
   (You took it off a gnoll on level 8 of the Dungeon)

   [ring of resist corrosion]

   It protects you from fire.
   It protects you from poison.
   It provides partial protection from all sources of acid and corrosion.
Wands
 h - a wand of paralysis (17)
 B - a wand of disintegration (12)
 G - a wand of polymorph (13)
 N - a wand of enslavement (18)
 Q - a wand of iceblast (8)
Scrolls
 j - 4 scrolls of enchant armour
 l - a scroll of torment
 q - 5 scrolls of fog {unknown}
 r - 6 scrolls of teleportation
 s - 7 scrolls of fear {unknown}
 v - 4 scrolls of remove curse
 F - a scroll of random uselessness {unknown}
 M - a scroll of blinking {unknown}
 O - 3 scrolls of enchant weapon {unknown}
 S - a scroll of vulnerability
Potions
 f - 12 potions of curing
 g - 6 potions of cancellation
 i - 11 potions of heal wounds
 k - 4 potions of haste
 o - 2 potions of ambrosia
 p - 2 potions of berserk rage {unknown}
 t - 7 potions of mutation
 w - 3 potions of lignification
 A - a potion of might
 E - a potion of attraction
 H - a potion of resistance {unknown}
 I - a potion of degeneration {unknown}
 T - 4 potions of magic


   Skills:
 + Level 12.8 Fighting
 + Level 8.6(13.2) Axes
 + Level 15.8(16.5) Polearms
 + Level 1.5 Throwing
 + Level 12.7 Armour
 + Level 8.0 Dodging
 + Level 0.8 Evocations


You had 12 spell levels left.
You didn't know any spells.
Your spell library contained the following spells:

 Spells                   Type           Power        Failure   Level
 Beastly Appendage        Tmut           0%           97%         1
 Corona                   Hex            0%           97%         1
 Foxfire                  Conj/Fire      0%           97%         1
 Freeze                   Ice            0%           97%         1
 Ensorcelled Hibernation  Hex/Ice        0%           99%         2
 Slow                     Hex            0%           99%         2
 Wereblood                Tmut           0%           99%         2
 Confusing Touch          Hex            0%           100%        3
 Conjure Flame            Conj/Fire      0%           100%        3
 Dazzling Flash           Conj/Hex       0%           100%        3
 Frozen Ramparts          Ice            0%           100%        3
 Ignite Poison            Fire/Tmut/Pois 0%           100%        3
 Inner Flame              Hex/Fire       0%           100%        3
 Ozocubu's Armour         Ice            0%           100%        3
 Portal Projectile        Hex/Tloc       0%           100%        3
 Spider Form              Tmut/Pois      0%           100%        3
 Tukima's Dance           Hex            0%           100%        3
 Cause Fear               Hex            0%           100%        4
 Hailstorm                Conj/Ice       0%           100%        4
 Ice Form                 Ice/Tmut       0%           100%        4
 Leda's Liquefaction      Hex/Erth       0%           100%        4
 Sticky Flame             Conj/Fire      0%           100%        4
 Summon Ice Beast         Ice/Summ       0%           100%        4
 Blade Hands              Tmut           0%           100%        5
 Bolt of Magma            Conj/Fire/Erth 0%           100%        5
 Fireball                 Conj/Fire      0%           100%        5


Dungeon Overview and Level Annotations

Branches:
Dungeon (13/15)            Temple (1/1) D:6            Lair (0/6) D:8
    Orc (0/2) D:10         Vaults (0/5) D:13         Bailey (visited)

Altars:
Ashenzari
Cheibriados
Dithmenos
Elyvilon
Fedhas
Gozag
Hepliaklqana
Kikubaaqudgha
Makhleb
Nemelex Xobeh
Okawaru
Qazlal
Ru
Sif Muna
Trog
Uskayaw
Vehumet
Wu Jian
Xom
Yredelemnul
Zin
The Shining One

Shops:
D:4 *   D:7 !   D:8 [   D:10 [

Portals:
Gauntlet: D:13

Annotations:
D:9 3 runed translucent doors, dickylongcocking's ghost, novice VSCK


Innate Abilities, Weirdness & Mutations

You reflexively headbutt those who attack you in melee.
You have a pair of horns on your head.


Message History

The seven-headed hydra bites you!
* * * LOW HITPOINT WARNING * * *
The seven-headed hydra closely misses you.
The vampire hits you but does no damage.
The vampire closely misses you.
Unknown command.
Unknown command.
You see here a scroll of teleportation.
The vampire barely misses you.
The vampire bites you but does no damage.
There is a gate leading to a gauntlet here.
Beware, the minotaur awaits!
The vampire hits you!
* * * LOW HITPOINT WARNING * * *
The vampire bites you.
* * * LOW HITPOINT WARNING * * *
The vampire draws strength from your injuries!
The troll barely misses you. The troll closely misses you.
The troll claws you but does no damage. The seven-headed hydra bites you!
You die...

*,* *,***** *,* *,,,,,* *,*
********,*** ######+###
*,,,,,,,,,,, #......(.#
*,,,,,,,,,,, ### #........#
*,,,,,,,,,,,
..########........#***,,,,,,,,,,,
...........p...T..+,**,,,,,,,,,,,
.##.......##.QpV@.#,,,,,,,,,,,,,,
####....Q####..D..#***,,,,,,,,,,,
# ##..p## ##?.### *,,,,,,,,,,, *
*##'##* *#..# ********,***
****.Wpo.****^..#** *,*
,**.#...#.#*.....,* *,*
,,*,..§sW,#....##+** *,*
,,+,..∩O..+.....,,,* *,*
,,*,,,....#.....,,,* ********,***


You could see a seven-headed hydra, 2 vault guards, a tengu warrior, a troll and
a vampire.

Vanquished Creatures
  A tengu reaver (D:10)
  A frost giant (D:10)
  Erolcha (D:9)
  A hydra (D:13)
  3 boulder beetles
  4 two-headed ogres
  The ghost of Monica the Archer, a novice DgHu (D:8)
  A deep elf knight (D:10)
  A glowing orange brain (D:9)
  Pikel (D:9)
  7 ugly things
  A manticore (D:11)
  2 cyclopes
  Joseph (D:7)
  A gargoyle (D:11)
  A freezing wraith (D:10)
  4 trolls
  A slime creature (D:10)
  2 wraiths (D:11)
  Eustachio (D:4)
  6 yaks
  Grum (D:8)
  Edmund (D:6)
  An acid dragon (D:12)
  Duvessa (D:6)
  A hornet zombie (D:8)
  3 ice beasts
  7 orc warriors
  2 black bears
  A necrophage (D:7)
  2 phantoms
  2 eyes of draining (D:8)
  3 sky beasts
  2 ogres
  5 centaurs
  2 wolves (D:8)
  A lemure (D:9)
  A gnoll sergeant (D:8)
  5 bullfrogs
  Dowan (D:6)
  3 wyvern skeletons
  2 scorpions
  2 water moccasin skeletons
  12 killer bees
  6 wights (D:8)
  4 howler monkeys
  5 centaur zombies
  4 crimson imps (D:5)
  3 bullfrog zombies
  4 jellies
  9 hounds
  6 bullfrog skeletons
  3 centaur skeletons
  12 orc priests
  11 orc wizards
  2 gnoll shamans (D:8)
  5 iguanas
  4 worker ants
  A killer bee zombie (D:10)
  3 hound skeletons
  2 howler monkey skeletons
  25 gnolls
  12 adders
  A shadow imp (D:10)
  2 white imps
  An ufetubus (D:8)
  An adder skeleton (D:9)
  6 worms
  A dart slug (D:1)
  5 leopard geckos
  55 orcs
  A ball python (D:1)
  A bat zombie (D:2)
  2 giant cockroaches
  13 goblins
  16 hobgoblins
  15 jackals
  8 quokkas
  7 bats
  8 frilled lizards
  A jackal skeleton (D:5)
  A jackal zombie (D:8)
  20 kobolds
  2 leopard gecko skeletons
  2 quokka skeletons
  10 rats
  A rat zombie (D:2)
  A butterfly (D:6)
405 creatures vanquished.

Vanquished Creatures (collateral kills)
  A killer bee (D:12)
1 creature vanquished.

Vanquished Creatures (others)
  6 plants (D:8)
6 creatures vanquished.

Grand Total: 412 creatures vanquished

Notes
Turn   | Place    | Note
-------+----------+-------------------------------------------
     0 | D:1      | snetch the Minotaur Berserker began the quest for the Orb.
     0 | D:1      | Reached XP level 1. HP: 19/19 MP: 0/0
    74 | D:1      | Reached XP level 2. HP: 11/27 MP: 1/1
   413 | D:1      | Reached XP level 3. HP: 33/33 MP: 2/2
   575 | D:1      | Reached ** piety under Trog
  1158 | D:2      | Reached XP level 4. HP: 41/41 MP: 3/3
  1194 | D:4      | Reached skill level 5 in Axes
  1613 | D:2      | Found a glowing golden altar of the Shining One.
  1794 | D:2      | Reached XP level 5. HP: 47/47 MP: 4/4
  1801 | D:2      | Found an ancient bone altar of Kikubaaqudgha.
  2403 | D:3      | Reached *** piety under Trog
  2752 | D:3      | Found a shimmering altar of Xom.
  2753 | D:3      | Found an iron altar of Okawaru.
  2755 | D:3      | Found a burning altar of Makhleb.
  3062 | D:4      | Reached skill level 1 in Polearms
  3067 | D:4      | Reached skill level 5 in Fighting
  3222 | D:3      | Found a snail-covered altar of Cheibriados.
  3222 | D:3      | Found a shimmering blue altar of Sif Muna.
  3542 | D:5      | Entered Level 5 of the Dungeon
  3568 | D:4      | Got a faintly glowing tin ring
  3573 | D:4      | Identified the ring "Ejicyipi" {rElec rN+ Stlth-} (You
                  | found it on level 4 of the Dungeon)
  3643 | D:4      | Reached skill level 2 in Polearms
  3643 | D:4      | Reached XP level 6. HP: 56/56 MP: 5/5
  3693 | D:4      | Found Yluru's Assorted Antiques.
  3698 | D:4      | Bought a scroll labelled NOUKINE WESM for 24 gold pieces
  3698 | D:4      | Bought a green potion for 21 gold pieces
  4035 | D:4      | Noticed Eustachio
  4053 | D:4      | Killed Eustachio
  4054 | D:4      | Reached skill level 3 in Polearms
  4264 | D:5      | Reached skill level 4 in Polearms
  4264 | D:5      | Reached XP level 7. HP: 45/61 MP: 6/6
  4628 | D:6      | Found a staircase to the Ecumenical Temple.
  4704 | D:5      | Found a hazy altar of Hepliaklqana.
  4951 | D:5      | Found a sacrificial altar of Ru.
  5049 | D:5      | Reached skill level 5 in Polearms
  5113 | D:5      | Found a shimmering altar of Xom.
  5141 | D:5      | Paralysed by a crimson imp for 2 turns
  5146 | D:5      | Reached **** piety under Trog
  5196 | D:5      | Reached skill level 1 in Throwing
  5196 | D:5      | Reached skill level 5 in Armour
  5216 | D:5      | Found an ornate altar of the Wu Jian Council.
  5409 | D:6      | Reached XP level 8. HP: 70/70 MP: 7/7
  5415 | D:6      | Reached skill level 6 in Polearms
  5435 | D:6      | Noticed Duvessa
  5435 | D:6      | Noticed Dowan
  5455 | D:6      | Killed Duvessa
  5456 | D:6      | Killed Dowan
  5465 | D:6      | Reached skill level 7 in Polearms
  5594 | D:8      | Found a staircase to the Lair.
  5623 | D:8      | Found a transporter.
  5732 | D:8      | Found a flagged portal.
  5798 | Bailey   | Entered a bailey
  5882 | Bailey   | Reached ***** piety under Trog
  6009 | Bailey   | Received a gift from Trog
  6013 | Bailey   | Reached XP level 9. HP: 46/78 MP: 8/8
  6057 | Bailey   | Got an ichor-stained glaive {god gift}
  6270 | D:8      | Identified the +11 glaive "Wuwutil" {vorpal, *Drain rN+++
                  | Dex+6} (Trog gifted it to you in a bailey)
  6441 | D:6      | Found a shimmering altar of Xom.
  6672 | D:6      | Noticed Edmund
  6676 | D:6      | Killed Edmund
  6826 | D:6      | Found an opulent altar of Gozag.
  7097 | Temple   | Entered the Ecumenical Temple
  7229 | D:7      | Found a glowing golden altar of the Shining One.
  7268 | D:9      | Reached skill level 8 in Polearms
  7448 | D:7      | Found Giph's Distillery.
  7463 | D:7      | Bought a potion of curing for 36 gold pieces
  7463 | D:7      | Bought a potion of heal wounds for 60 gold pieces
  7466 | D:7      | Bought a potion of attraction for 36 gold pieces
  7497 | D:7      | Noticed Joseph
  7504 | D:7      | Killed Joseph
  7600 | D:7      | Reached skill level 9 in Polearms
  7759 | D:7      | Found a blossoming altar of Fedhas.
  8126 | D:7      | Identified a scroll of acquirement
  8128 | D:7      | Reached skill level 10 in Fighting
  8128 | D:7      | Reached skill level 10 in Armour
  8128 | D:7      | Reached XP level 10. HP: 93/93 MP: 9/9
  8397 | D:8      | Found Huistryps's Armour Boutique.
  8709 | D:8      | Identified the +10 trident of Crusades {pain, Will- Str+3
                  | Int+4 Dex+6}
  8709 | D:8      | Identified the +2 buckler of Wecuy {rPois rN++ Will-}
  8721 | D:8      | Noticed Grum
  8724 | D:8      | Noticed Monica's ghost (novice DgHu)
  8739 | D:8      | Found a transporter.
  8750 | D:8      | Identified the ring "Kamubecs" {rPois rF+ rCorr}
  8756 | D:8      | Reached skill level 10 in Polearms
  8756 | D:8      | Paralysed by a gnoll for 7 turns
  8767 | D:8      | Killed Grum
  8768 | D:8      | Reached XP level 11. HP: 76/101 MP: 10/10
  8800 | D:8      | Killed Monica's ghost
  8820 | D:8      | Acquired the ring "Ypakah" {rC+ Will+ Str-4 Slay+5}
  9399 | D:9      | Noticed a two-headed ogre
  9407 | D:9      | Killed a two-headed ogre
  9477 | D:9      | Reached skill level 11 in Polearms
  9694 | D:9      | Found a basalt altar of Yredelemnul.
  9784 | D:9      | Noticed Pikel
  9792 | D:9      | Killed Pikel
  9845 | D:9      | Reached ****** piety under Trog
  9877 | D:9      | Noticed Erolcha
  9895 | D:9      | Killed Erolcha
 10155 | D:10     | Entered Level 10 of the Dungeon
 10269 | D:9      | Reached skill level 12 in Polearms
 10351 | D:9      | Received a gift from Trog
 10397 | D:9      | Found a runed translucent gate.
 10397 | D:9      | Found a runed translucent gate.
 10398 | D:9      | Found a runed translucent gate.
 10398 | D:9      | Noticed a green ugly thing
 10399 | D:9      | Noticed a glowing orange brain
 10399 | D:9      | Noticed a white ugly thing
 10399 | D:9      | Noticed a green ugly thing
 10400 | D:9      | Noticed a cyan ugly thing
 10400 | D:9      | Noticed a brown ugly thing
 10680 | D:9      | Killed a green ugly thing
 10684 | D:9      | Killed a purple ugly thing
 10686 | D:9      | Killed a brown ugly thing
 10690 | D:9      | Killed a red ugly thing
 10692 | D:9      | Killed a white ugly thing
 10703 | D:9      | Killed a glowing orange brain
 10707 | D:9      | Found a runed translucent gate.
 10707 | D:9      | Found a runed translucent gate.
 10708 | D:9      | Noticed a harpy
 10708 | D:9      | Noticed a harpy
 10711 | D:9      | Found a runed translucent gate.
 10711 | D:9      | Noticed dickylongcocking's ghost (novice VSCK)
 10719 | D:9      | a harpy changed into a hog
 11177 | D:10     | Found Isufues's Antique Armour Shop.
 11306 | D:10     | Reached skill level 13 in Polearms
 11367 | D:12     | Noticed a white ugly thing
 11373 | D:12     | Killed a white ugly thing
 11388 | D:11     | Reached XP level 12. HP: 89/106 MP: 11/11
 11392 | D:11     | Noticed a two-headed ogre
 11404 | D:11     | Killed a two-headed ogre
 11421 | D:11     | Noticed a two-headed ogre
 11450 | D:11     | Killed a two-headed ogre
 11639 | D:11     | Noticed a boulder beetle
 11648 | D:11     | Killed a boulder beetle
 11649 | D:11     | Reached skill level 14 in Polearms
 12078 | D:10     | Found a staircase to the Orcish Mines.
 12476 | D:10     | Found a runed translucent door.
 12477 | D:10     | Noticed a tengu reaver
 12488 | D:10     | Killed a tengu reaver
 12586 | D:10     | Noticed a two-headed ogre
 12590 | D:10     | Killed a two-headed ogre
 12703 | D:10     | Noticed a frost giant
 12712 | D:10     | Killed a frost giant
 12713 | D:10     | Reached skill level 15 in Polearms
 13186 | D:11     | Noticed a boulder beetle
 13195 | D:11     | Killed a boulder beetle
 13345 | D:11     | Identified the Catalogue of Heat
 13662 | D:12     | Noticed a boulder beetle
 13676 | D:12     | Received a gift from Trog
 13679 | D:12     | Reached XP level 13. HP: 53/119 MP: 12/12
 13685 | D:12     | HP: 4/119 [boulder beetle (23)]
 14035 | D:12     | Found a shimmering altar of Xom.
 14237 | D:13     | Found a gate to the Vaults.
 14242 | D:13     | Found a gate leading to a gauntlet.
 14249 | D:13     | Slain by a seven-headed hydra

Illustrated notes

Levels and vault maps discovered:
D:1:      dpeg_arrival_court, layout_basic
D:2:      layout_loops_corners, lemuel_doored_altar,
          lemuel_zombie_altar_kikubaaqudgha
D:3:      layout_basic, grunt_temple_overflow_open,
          chequers_temple_overflow_statue_of_worship
D:4:      layout_basic, serial_shops, nicolae_shop_overgrown_old_shop,
          uniq_eustachio
D:5:      layout_rooms, pdpol_wu_jian_five_deadly_venoms,
          nicolae_ru_the_path_less_chosen, overflow_temple_1_default,
          led_xom_imps
D:6:      layout_gridville, old_standard_altar, minmay_temple_entry_butterflies,
          basic_altar, uniq_edmund, uniq_duvessa
D:7:      layout_basic, fedhas_altar_fruit_tree, basic_altar, serial_shops,
          shop, uniq_joseph
D:8:      minmay_razor_zed, layout_basic, lair_entry_dummy,
          gammafunk_ghost_gnarly_gnolls, enter_bailey_4, serial_shops, shop
D:9:      layout_roguey, old_standard_altar,
          ploomutoo_gammafunk_ghost_potion_laboratory, water_maze_lemuel,
          uniq_pikel, uniq_erolcha
D:10:     layout_loops_corners, orc_0_dummy, serial_shops, shop, minivault_13
D:11:     layout_rooms, minmay_radiant
D:12:     layout_roguey, ebering_ghost_funeral_grove, kennysheep_flooded_box,
          serial_bayou_crossing
D:13:     layout_roguey, lightli_vaults_fourway_checkpoint,
          gauntlet_entry_generic, uniq_sonja, uniq_maurice
Temple:   chequers_temple_sunken

Skill      XL: |  1  2  3  4  5  6  7  8  9 10 11 12 |
---------------+-------------------------------------+-----
Axes           | 4 5 6 7 8 |  8.6
Fighting       | 4 5 6 10 11 12 | 12.8
Armour         | 3 5 6 10 11 12 | 12.7
Polearms       | 2 4 5 7 9 10 13 15 | 15.8
Dodging        | 3 7 8 |  8.0
Throwing       | 1 |  1.5
Evocations     | |  0.8

Action                   |  1- 3 |  4- 6 |  7- 9 | 10-12 | 13-15 || total
-------------------------+-------+-------+-------+-------+-------++-------
Melee: Hand axe          |    64 |    44 |    54 |       |       ||   162
       Headbutt          |     2 |    37 |    57 |    55 |     6 ||   157
       Spear             |       |   135 |   121 |       |       ||   256
       War axe           |       |       |    55 |       |       ||    55
       Glaive            |       |       |    82 |   225 |       ||   307
       Halberd           |       |       |       |    98 |    17 ||   115
       Battleaxe         |       |       |       |     6 |     8 ||    14
       Flail             |       |       |       |       |     7 ||     7
Throw: Dart              |       |     4 |       |       |       ||     4
Invok: Berserk           |       |     1 |     3 |     5 |       ||     9
       Trog's Hand       |       |       |       |     3 |     1 ||     4
       Brothers in Arms  |       |       |       |       |     1 ||     1
 Abil: Evoke Flight      |       |       |       |     2 |       ||     2
  Use: Scroll            |       |     6 |     7 |     4 |     2 ||    19
       Potion            |       |       |     1 |     3 |     1 ||     5
Armor: Animal skin       |     4 |       |       |       |       ||     4
       Ring mail         |    24 |    12 |       |       |       ||    36
       Chain mail        |       |    46 |    57 |   114 |    24 ||   241
       Plate armour      |       |       |   124 |       |       ||   124
Dodge: Dodged            |    41 |    58 |   154 |   151 |    25 ||   429

Table legend: (Time is in decaauts)
 A = Elapsed time spent in this place.
 B = Non-inter-level travel time spent in this place.
 C = Inter-level travel time spent in this place.
 D = Time resting spent in this place.
 E = Time spent auto-exploring this place.
 F = Levels seen in this place.
 G = Mean time per level.
                   A        B        C        D        E       F      G
               +--------+--------+--------+--------+--------+-----+--------+
         Total |  14357 |  13233 |   1124 |    575 |   8235 |  15 |  957.1 |
       Dungeon |  13748 |  12627 |   1121 |    573 |   8093 |  13 | 1057.5 |
        Temple |    143 |    140 |      3 |      0 |      0 |   1 |  143.0 |
        Bailey |    465 |    465 |      0 |      2 |    142 |   1 |  465.0 |
               +--------+--------+--------+--------+--------+-----+--------+

Top non-repeatable levels by time:
     D:8: 1824 daAuts
    D:10: 1742 daAuts
     D:9: 1687 daAuts
     D:2: 1196 daAuts
     D:4: 1132 daAuts
     D:1: 1056 daAuts
     D:3: 1007 daAuts
     D:5: 944 daAuts
     D:6: 919 daAuts
     D:7: 867 daAuts
    D:11: 772 daAuts
    D:12: 514 daAuts
  Bailey: 465 daAuts
  Temple: 143 daAuts
    D:13: 83 daAuts
